 Dungeon Crawl Stone Soup version 0.16-a0-4048-g245e628 (console) character file.

82 mauris the Conjurer (level 4, -1/27 HPs)
             Began as a High Elf Wizard on Feb 19, 2015.
             Was an Initiate of Vehumet.
             Slain by a goblin (2 damage)
             ... on level 3 of the Dungeon.
             The game lasted 00:03:04 (2286 turns).

mauris the Conjurer (High Elf Wizard)               Turns: 2286, Time: 00:03:05

Health: -1/27      AC:  3    Str:  6    XL:     4   Next: 21%
Magic:  13/22      EV: 12    Int: 22    God:    Vehumet [......]
Gold:   120        SH:  0    Dex: 14    Spells: 4 memorised, 3 levels left

rFire  . . .     SeeInvis .     f - +2 dagger (venom)
rCold  . . .     Clarity  .     a - +0 robe
rNeg   . . .     SustAb   .     (no shield)
rPois  .         Gourm    .     b - +1 hat
rElec  .         Spirit   .     (no cloak)
rCorr  .         Warding  .     (no gloves)
rMut   .         Stasis   .     (no boots)
MR     .....                    (no amulet)
Stlth  ++........               (no ring)
                                j - ring of magical power

@: very slightly contaminated, not resistant to hostile enchantments, unstealthy
A: no striking features
a: Renounce Religion


You were on level 3 of the Dungeon.
You worshipped Vehumet.
Vehumet was noncommittal.
You were not hungry.

You visited 1 branch of the dungeon, and saw 3 of its levels.

You collected 120 gold pieces.

Inventory:

Hand weapons
 f - a +2 dagger of venom (weapon)
Armour
 a - a +0 robe (worn)
 b - a +1 hat (worn)
Jewellery
 j - a ring of magical power (left hand)
 n - a +2 ring of slaying {unknown}
Scrolls
 e - a scroll of remove curse {unknown}
Potions
 k - a potion of agility {unknown}
 m - a potion of poison {unknown}
Books
 c - a book of Minor Magic

   Spells                             Type                      Level
   a - Magic Dart                     Conjuration                  1
   b - Blink                          Translocation                2
   c - Call Imp                       Summoning                    2
   d - Repel Missiles                 Charms/Air                   2
   e - Slow                           Hexes                        2
   f - Conjure Flame                  Conjuration/Fire             3
   g - Mephitic Cloud                 Conjuration/Poison/Air       3
Comestibles
 d - 2 bread rations


   Skills:
 - Level 2.1 Dodging
 - Level 2.1 Stealth
 - Level 3.6 Spellcasting
 + Level 4.5 Conjurations
 - Level 0.8 Summonings
 - Level 1.1 Translocations


You had 3 spell levels left.
You knew the following spells:

 Your Spells              Type           Power        Failure   Level  Hunger
a - Magic Dart            Conj           ###.         1%          1    None
b - Blink                 Tloc           N/A          12%         2    ##.....
c - Repel Missiles        Chrm/Air       #.....       21%         2    ##.....
d - Call Imp              Summ           #.......     14%         2    ##.....


Dungeon Overview and Level Annotations

Branches:
Dungeon (3/15)

Altars:
Sif Muna
Vehumet
The Shining One


Message History

Casting: Magic Dart
Confirm with . or Enter, or press ? or * to list all spells.
Aiming: Magic Dart
Press: ? - help, Shift-Dir - straight line, f/p - orc priest
Aim: an orc priest, wielding a morningstar (heavily wounded)
The magic dart hits the orc priest.
The orc priest is almost dead.
The orc priest calls down the wrath of Beogh upon you.
Pain shoots through your body! The orc hits you with a club!
* * * LOW HITPOINT WARNING * * *
The goblin hits you.
* * * LOW HITPOINT WARNING * * *
Huge Dmg: -52%(-14hp) hp: 4%(1hp)
Casting: Magic Dart
Confirm with . or Enter, or press ? or * to list all spells.
You miscast Blink.
You are very lightly contaminated with residual magic.
Strange energies run through your body. The orc priest barely misses you.
The goblin hits you.
You die...

#....#...#.##.#...#.######
#....#...................#
#....#.....#####.##.####.#
..................#<..#
.#.#....#...######.#%#.#
###....#...# #...#.#.# ...
#...# #.#%#.# . #...#
#.###.# ## #.e.# #.....#
#.#.##goo##########
........o..........
#......#o#######.#
..#.####>...o.o..# ....
########..# ..


You could see an orc priest, 3 orcs and a goblin.

Vanquished Creatures
  3 adders
  2 worms
  2 giant geckos (D:1)
  4 giant cockroaches
  3 goblins
  5 hobgoblins
  5 kobolds
  A quokka (D:2)
  A ball python (D:3)
  6 bats
  A giant newt (D:1)
  8 rats
41 creatures vanquished.

Notes
Turn   | Place    | Note
--------------------------------------------------------------
     0 | D:1      | mauris, the High Elf Wizard, began the quest for the Orb.
     0 | D:1      | Reached XP level 1. HP: 11/11 MP: 5/5
   308 | D:1      | Reached XP level 2. HP: 17/17 MP: 2/7
   366 | D:1      | Learned a level 2 spell: Blink
   369 | D:1      | Learned a level 2 spell: Repel Missiles
   372 | D:1      | Learned a level 2 spell: Call Imp
   546 | D:1      | nice
   855 | D:1      | Found a glowing golden altar of the Shining One.
  1020 | D:2      | Reached XP level 3. HP: 17/21 MP: 1/10
  1391 | D:2      | Reached skill level 4 in Conjurations
  1713 | D:2      | Found a deep blue altar of Sif Muna.
  1723 | D:2      | Found a radiant altar of Vehumet.
  1732 | D:2      | Became a worshipper of Vehumet
  1976 | D:3      | Reached XP level 4. HP: 23/27 MP: 13/13
  2280 | D:3      | Huge Dmg: 11 Dmg
  2281 | D:3      | Huge Dmg: 10 Dmg
  2285 | D:3      | HP: 1/27 [goblin (2)]
  2286 | D:3      | Huge Dmg: 14 Dmg
  2286 | D:3      | Slain by a goblin

Action                   |  1- 3 |  4- 6 || total
-------------------------+-------+-------++-------
Melee: Dagger            |     6 |       ||     6
 Cast: Magic Dart        |    86 |    19 ||   105
       Blink             |       |     2 ||     2
  Use: Scroll            |     4 |       ||     4
       Potion            |       |     1 ||     1
  Eat: Chunk             |     3 |     1 ||     4

Vault maps used:
D:1:      sevenhm_arrival_forest_fort_large_2, minmay_stone_trees_small,
          tso_altar
D:2:      old_standard_altar, led_sif_pool
D:3:      overflow_temple_1_default, first_bread, uniq_terence
